 Dungeon Crawl Stone Soup version 0.26-b1-32-g5d43845318 (webtiles) character file.

Game seed: 9199447672226281007

154 MIKEmikeMIKE the Skirmisher (level 5, 0/55 HPs)
             Began as an Ogre Berserker on Jan 11, 2021.
             Was a Believer of Trog.
             Succumbed to a worker ant's poison
             ... on level 4 of the Dungeon.
             The game lasted 00:17:19 (3726 turns).

MIKEmikeMIKE the Skirmisher (Ogre Berserker)        Turns: 3726, Time: 00:17:20

Health: 0/55       AC:  3    Str: 24    XL:     5   Next: 36%
Magic:  5/5        EV: 10    Int: 10    God:    Trog [**....]
Gold:   109        SH:  0    Dex:  8    Spells: 4/4 levels left

rFire    . . .     SeeInvis .   a - +0 hand axe
rCold    . . .     Faith    .   (no shield)
rNeg     . . .     Spirit   .   b - +0 animal skin
rPois    .         Reflect  .   (helmet restricted)
rElec    .         Harm     .   (no cloak)
rCorr    .         Rampage  .   (gloves unavailable)
Will     .....                  (boots unavailable)
Stlth    +.........             (no amulet)
HPRegen  0.18/turn              i - ring of wizardry
MPRegen  0.09/turn              (no ring)

@: lethally poisoned (0 -> -1), very slightly contaminated, invisible
A: large, unfitting armour, clever 1, strong 1, tough skin 1
a: Renounce Religion, Berserk, Trog's Hand


You were on level 4 of the Dungeon.
You worshipped Trog.
Trog was pleased with you.
You visited 1 branch of the dungeon, and saw 4 of its levels.

You collected 109 gold pieces.

Inventory:

Hand Weapons
 a - a +0 hand axe (weapon)
 h - a +0 hunting sling
Missiles
 p - 19 poisoned darts
Armour
 b - a +0 animal skin (worn)
Jewellery
 c - an uncursed ring of positive energy {unknown}
 i - a ring of wizardry (left hand)
Wands
 j - a wand of polymorph (8)
Scrolls
 d - 2 scrolls of identify
 e - 2 scrolls of enchant armour {unknown}
 f - a scroll of teleportation
 g - a scroll of amnesia {unknown}
 k - a scroll of enchant weapon {unknown}
 l - a scroll of fog {unknown}
 q - a scroll of magic mapping {unknown}
Potions
 o - a potion of curing {unknown}
 r - a potion of ambrosia {unknown}


   Skills:
 + Level 4.8 Fighting
 * Level 4.7 Axes
 + Level 3.5 Dodging
 + Level 0.4 Stealth


You had 4 spell levels left.
You didn't know any spells.
Your spell library was empty.

Dungeon Overview and Level Annotations

Branches:
Dungeon (4/15)
 Temple: D:4-7

Altars:
Nemelex Xobeh


Innate Abilities, Weirdness & Mutations

You are too large for most types of armour.
You have tough skin. (AC +1)
Your mind is acute. (Int +2)
Your muscles are strong. (Str +2)


Message History

Found a scroll of identify.
You feel sick.
You see here a potion of mutation.
You feel sick.
The worker ant waves its antennae.
You feel sick. The worker ant bites you.
* * * LOW HITPOINT WARNING * * *
You hit the worker ant but do no damage.
The worker ant is heavily wounded.
The worker ant bites you.
* * * LOW HITPOINT WARNING * * *
You are too injured to fight recklessly!
It was a potion of invisibility.
You fade into invisibility!
The worker ant bites you.
* * * LOW HITPOINT WARNING * * *
You are very lightly contaminated with residual magic.
It was a potion of magic.
Magic courses through your body.
You die...

#.##.### ##.#....# ##
#.......#
#.#######..##..####
#..#..#.........#.#
..................###
..?......#..........#
#.#.....###B........#
#.....##@...<...##
###....!.#...#.......#
.........W...###..####
..#.................##
. #......>...........#
##........#....#....
###..............#.
##.....#.....###
.##............###.


You could see a phantom and a worker ant.

Vanquished Creatures
  A killer bee (D:2)
  Jessica (D:2)
  2 adders
  An ooze (D:1)
  A worm (D:2)
  A dart slug (D:1)
  A leopard gecko (D:1)
  2 orcs (D:3)
  4 bats
  5 giant cockroaches
  12 goblins
  7 hobgoblins
  4 jackals (D:3)
  2 kobolds
  A ball python (D:3)
  2 frilled lizards (D:1)
  5 rats
52 creatures vanquished.

Notes
Turn   | Place    | Note
-------+----------+-------------------------------------------
     0 | D:1      | MIKEmikeMIKE the Ogre Berserker began the quest for the
                  | Orb.
     0 | D:1      | Reached XP level 1. HP: 24/24 MP: 1/1
    98 | D:1      | Reached XP level 2. HP: 28/32 MP: 2/2
   513 | D:1      | Reached XP level 3. HP: 40/40 MP: 3/3
  1087 | D:2      | Noticed Jessica
  1096 | D:2      | Killed Jessica
  1097 | D:2      | Reached XP level 4. HP: 47/49 MP: 4/4
  1130 | D:2      | Noticed Sigmund
  1619 | D:2      | Noticed Sigmund
  1619 | D:2      | Sigmund changed into Sigmund the killer bee
  1631 | D:2      | Killed Sigmund the killer bee
  1631 | D:2      | HP: 2/49 [poisoned by Sigmund]
  1632 | D:2      | Gained mutation: Your mind is acute. (Int +2) [potion of
                  | mutation]
  1632 | D:2      | Gained mutation: Your muscles are strong. (Str +2) [potion
                  | of mutation]
  2272 | D:2      | Reached XP level 5. HP: 33/55 MP: 5/5
  2413 | D:2      | Reached ** piety under Trog
  2886 | D:3      | Found a sparkling altar of Nemelex Xobeh.
  3691 | D:4      | Noticed a phantom
  3724 | D:4      | HP: 1/55 [worker ant (6)]
  3726 | D:4      | Succumbed to a worker ant's poison

Illustrated notes

Levels and vault maps discovered:
D:1:      lemuel_arrival_cross, layout_loops_ring,
          hangedman_abyss_or_decor_stabs, hangedman_glass_teeth,
          minmay_misc_feat_x, roderic_roman_lattice, minmay_pentomino_p2
D:2:      layout_rooms, kennysheep_decorative_pillar, uniq_sigmund, uniq_jessica
D:3:      layout_loops_ring, lemuel_round_altar
D:4:      layout_cave_pools, tgw_kikubaaqudgha, uniq_menkaure

Skill      XL: |  1  2  3 |
---------------+----------+-----
Dodging        | 3 |  3.5
Axes           | 4 |  4.7
Fighting       | |  4.8
Stealth        | |  0.4

Action                   |  1- 3 |  4- 6 || total
-------------------------+-------+-------++-------
Melee: Hand axe          |    72 |   119 ||   191
Invok: Berserk           |       |     1 ||     1
Evoke: Wand              |       |     3 ||     3
  Use: Potion            |       |     4 ||     4
       Scroll            |       |     4 ||     4
Armor: Animal skin       |    18 |    25 ||    43
Dodge: Dodged            |    41 |    61 ||   102
